Map: Blackpink EC

Players

ZhuGeLiang

  • Race: Zerg Zerg
  • League: Grandmaster
  • Spawn Location: 7:00

Uzikoti - Winner!

  • Race: Terran Terran
  • League: Grandmaster
  • Spawn Location: 1:00

VOD

Have the link to the VOD?

Description

Time

  • Played on: Feb. 1, 2018, 3:49 a.m.
  • Length: 13:06
Show
View Real Time Build Order
Export as new Build Order

ZhuGeLiang Zerg 

Build Orders: Hatch First 

Get SALT Encoding   

  12  0:01  Drone  
  13  0:12  Overlord  
  13  0:17  Drone  
  14  0:31  Drone x2  
  16  0:35  Drone  
  17  0:52  Hatchery  
  17  0:54  Drone  
  17  0:57  Drone  
  18  1:07  Extractor  
  17  1:12  Spawning Pool  
  17  1:15  Drone  
  17  1:18  Drone  
  18  1:28  Drone  
  19  1:39  Overlord  
  19  1:49  Drone  
  20  1:58  Queen  
  20  2:01  Zergling x2  
  23  2:04  Queen  
  23  2:05  Zergling x2  
  26  2:15  Drone  
  27  2:20  Hatchery  
  26  2:24  Metabolic Boost  
  27  2:30  Drone  
  27  2:31  Drone  
  27  2:35  Drone  
  29  2:38  Drone x2  
  31  2:45  Overlord  
  31  2:51  Drone  
  32  2:54  Drone  
  33  3:00  Drone  
  34  3:08  Drone x4  
  34  3:11  Drone  
  39  3:15  Drone x3  
  39  3:16  Queen  
  39  3:19  Overlord  
  44  3:29  Roach Warren  
  44  3:31  Queen  
  45  3:35  Queen  
  45  3:39  Zergling x4  
  49  3:46  Zergling x2  
  49  3:47  Zergling x2  
  49  3:48  Drone x2  
  53  3:57  Drone x5  
  58  4:09  Overlord  
  57  4:14  Overlord x2  
  57  4:15  Zergling x2  
  57  4:18  Queen  
  57  4:21  Overlord  
  57  4:23  Overlord  
  57  4:26  Overlord  
  57  4:28  Overlord  
  57  4:30  Roach x3  
  63  4:37  Roach x4  
  68  4:45  Roach x2  
  67  4:46  Overlord  
  67  4:52  Zergling x8  
  64  5:00  Roach x2  
  65  5:07  Drone x7  
  69  5:17  Roach  
  69  5:18  Roach  
  73  5:23  Drone  
  73  5:24  Queen  
  73  5:28  Extractor x2  
  74  5:29  Drone x7  
  74  5:33  Drone x2  
  83  5:36  Spore Crawler  
  83  5:37  Drone  
  83  5:44  Roach  
  83  5:45  Roach  
  83  5:49  Roach  
  81  6:00  Extractor  
  81  6:01  Extractor  
  81  6:04  Extractor  
  78  6:07  Drone  
  78  6:08  Drone x8  
  78  6:09  Lair  
  87  6:13  Evolution Chamber  
  87  6:14  Evolution Chamber  
  87  6:15  Drone x2  
  87  6:16  Drone  
  88  6:22  Drone  
  88  6:23  Drone  
  88  6:25  Drone  
  87  6:33  Roach, Overlord  
  87  6:34  Roach x5  
  99  6:40  Zerg Ground Armor Level 1  
  99  6:43  Drone  
  99  6:44  Overlord  
  99  6:45  Zergling x6  
  99  6:46  Zerg Melee Weapons Level 1  
  103  6:52  Queen  
  106  6:54  Drone  
  106  6:57  Hatchery, Zergling x4  
  107  7:02  Drone x2  
  107  7:03  Roach  
  107  7:04  Roach  
  107  7:06  Glial Reconstitution  
  107  7:08  Overseer  
  113  7:11  Drone  
  113  7:14  Infestation Pit, Drone  
  114  7:17  Zergling x8  
  118  7:28  Overlord  
  118  7:36  Overlord  
  118  7:37  Roach x3  
  118  7:38  Roach x3  
  130  7:46  Overlord x2  
  129  7:51  Roach  
  129  7:52  Roach x3, Overlord  
  129  7:57  Ravager x4  
  129  7:58  Overlord  
  141  7:59  Roach x2  
  141  8:04  Hive  
  145  8:06  Roach x6  
  156  8:17  Roach x3  
  148  8:23  Roach x4  
  148  8:25  Zergling x2  
  142  8:33  Roach  
  142  8:34  Roach  
  129  8:39  Roach x6  
  129  8:40  Roach x2  
  142  8:42  Zerg Ground Armor Level 2  
  140  8:49  Zerg Melee Weapons Level 2  
  140  8:52  Queen  
  140  8:54  Zergling x8  
  146  8:56  Ravager  
  146  9:00  Zergling x6  
  150  9:06  Zergling x2  
  140  9:14  Zergling x20  
  140  9:15  Adrenal Glands  
  140  9:16  Queen  
  127  9:20  Roach  
  127  9:21  Roach  
  129  9:26  Infestor  
  129  9:27  Infestor  
  129  9:40  Queen  
  129  9:42  Roach  
  129  9:43  Roach x7  
  144  9:49  Roach  
  144  9:50  Roach x2  
  150  9:56  Zergling x2  
  150  9:57  Zergling x6  
  152  10:08  Zergling x8  
  154  10:16  Ravager  
  154  10:17  Ravager x6  
  154  10:18  Zergling x8  
  164  10:25  Zergling x2  
  165  10:30  Zergling x4  
  165  10:31  Overlord x2  
  165  10:35  Extractor  
  166  10:36  Extractor  
  166  10:40  Baneling Nest, Overlord  
  164  10:43  Zergling x2  
  164  10:44  Zergling x4  
  167  10:50  Zergling x16  
  175  10:59  Zergling x2  
  175  11:00  Zergling x4  
  176  11:14  Zergling x22  
  176  11:18  Overlord  
  185  11:21  Zergling x2  
  185  11:22  Zergling x6  
  186  11:40  Zergling x12  
  175  11:48  Zergling x2  
  175  11:49  Zergling x6  
  175  11:52  Zergling x2  
  175  11:53  Zergling x16  
  180  11:56  Queen  
  180  12:01  Zergling x4  
  180  12:05  Zergling x2  
  173  12:08  Roach  
  173  12:10  Hatchery  
  172  12:15  Ravager  
  172  12:16  Ravager x13  
  172  12:20  Baneling x8  
  172  12:21  Baneling x7  
  185  12:29  Roach  
  193  12:30  Roach x3, Spawning Pool  
  192  12:38  Overlord  
Show
View Real Time Build Order
Export as new Build Order

Uzikoti Terran - Winner!

Build Orders: Hellion Opening, Reaper Expand, Bio Tank 

Get SALT Encoding   

  12  0:00  SCV  
  13  0:13  SCV  
  14  0:17  Supply Depot  
  14  0:25  SCV  
  15  0:28  Refinery  
  15  0:39  SCV  
  16  0:44  Barracks  
  16  0:51  SCV  
  17  1:03  SCV  
  18  1:15  SCV  
  19  1:32  Reaper, Orbital Command  
  20  1:42  Command Center  
  20  1:53  Factory  
  20  1:57  SCV  
  21  2:04  Supply Depot  
  21  2:07  Barracks Reactor  
  21  2:09  SCV  
  21  2:15  Refinery  
  22  2:22  SCV  
  23  2:27  Ghost Academy  
  23  2:35  SCV  
  24  2:49  Barracks Tech Lab  
  24  2:50  SCV  
  25  2:51  Hellion  
  25  2:52  Hellion  
  25  2:55  Orbital Command  
  29  3:04  SCV  
  30  3:08  Ghost  
  32  3:14  Hellion  
  32  3:18  Hellion  
  36  3:21  SCV  
  36  3:22  SCV  
  38  3:30  Supply Depot  
  38  3:33  SCV  
  39  3:36  Ghost  
  39  3:40  Hellion  
  43  3:43  SCV  
  43  3:46  Hellion  
  46  3:52  SCV  
  47  3:57  SCV  
  48  4:04  Hellion  
  48  4:05  Ghost  
  48  4:07  SCV  
  51  4:10  SCV  
  51  4:12  Supply Depot  
  52  4:19  SCV  
  52  4:23  SCV  
  54  4:27  Supply Depot  
  54  4:33  SCV  
  54  4:34  Hellion  
  54  4:35  SCV  
  58  4:46  Ghost  
  58  4:48  SCV, Hellion  
  58  4:51  SCV  
  64  5:06  Hellion  
  64  5:09  Hellion  
  64  5:10  SCV  
  64  5:12  Command Center  
  64  5:14  Stimpack, Ghost  
  67  5:17  Supply Depot  
  69  5:26  SCV  
  70  5:32  Barracks  
  70  5:36  Barracks  
  70  5:38  Supply Depot  
  70  5:39  SCV x2  
  70  5:40  Factory Reactor  
  70  5:52  Marine  
  70  5:54  SCV x2  
  73  5:57  Engineering Bay  
  73  5:58  Engineering Bay  
  72  6:08  SCV  
  72  6:10  Marine  
  73  6:11  SCV  
  73  6:18  Refinery  
  74  6:20  SCV  
  74  6:23  SCV  
  74  6:24  Terran Infantry Armor Level 1, Terran Infantry Weapons Level 1  
  76  6:27  Refinery  
  76  6:29  Marine x2  
  76  6:32  Supply Depot, SCV  
  79  6:33  Starport  
  79  6:37  Orbital Command  
  79  6:39  Factory Reactor  
  79  6:40  SCV  
  79  6:43  Marine  
  79  6:44  SCV  
  79  6:45  Marine  
  83  6:53  Marine  
  83  6:54  Marine  
  84  6:56  Orbital Command, Marauder  
  84  6:59  SCV x2  
  89  7:01  Marine  
  89  7:02  Supply Depot  
  89  7:03  Marine  
  91  7:11  Marine x2, Supply Depot  
  93  7:17  Marine, Armory  
  93  7:21  SCV x2  
  93  7:22  Factory Tech Lab  
  96  7:25  Marine x2, Supply Depot  
  96  7:26  Medivac, Supply Depot  
  96  7:27  Medivac  
  102  7:31  Combat Shields  
  102  7:34  SCV x2  
  104  7:38  Marine x2  
  104  7:39  Marine  
  104  7:40  SCV  
  104  7:43  Marine  
  109  7:46  Marine, SCV x2  
  109  7:47  Siege Tank  
  109  7:49  Supply Depot  
  109  7:50  Supply Depot  
  115  7:52  SCV  
  115  7:56  Marine x2, Medivac  
  115  7:57  Medivac  
  122  7:58  SCV  
  122  8:00  SCV  
  122  8:03  Marine  
  122  8:04  Marine, SCV  
  127  8:06  Supply Depot  
  106  8:36  Marine x3  
  106  8:37  Marine, Medivac x2, Siege Tank, Marauder  
  117  8:43  SCV x2  
  117  8:44  SCV  
  117  8:45  Refinery x2  
  120  8:51  Barracks x2  
  120  8:52  Barracks  
  120  8:53  Barracks  
  120  8:54  Marine x2, Factory  
  120  8:55  Factory  
  122  8:58  Marine x3  
  122  9:02  Terran Infantry Armor Level 2, Terran Infantry Weapons Level 2  
  120  9:12  Marine x2  
  120  9:16  Marine  
  110  9:17  Marine x2, Siege Tank  
  110  9:21  Medivac  
  109  9:29  Marine  
  109  9:30  Marine  
  109  9:34  Marine x3  
  112  9:43  Barracks Reactor x3  
  112  9:44  Barracks Reactor  
  112  9:46  Factory Tech Lab  
  112  9:47  Factory Tech Lab  
  109  9:53  Marauder  
  110  10:00  Marine x3, Siege Tank  
  112  10:15  Marine x2  
  112  10:16  Siege Tank x2  
  112  10:17  Marine  
  112  10:18  Marine x2  
  123  10:22  Marine  
  123  10:23  Marine x7  
  123  10:25  Supply Depot  
  123  10:26  Supply Depot  
  123  10:27  SCV x2  
  133  10:32  Terran Vehicle Weapons Level 1  
  133  10:33  Marine x2, Siege Tank  
  133  10:35  Marine x2, Supply Depot x2  
  138  10:36  Marine  
  138  10:40  Marine  
  142  10:46  Marine x7  
  142  10:48  Siege Tank  
  152  10:57  SCV x2  
  152  11:01  Marine x6  
  152  11:04  Marine  
  161  11:05  Marine x6  
  161  11:06  Medivac, Siege Tank x2  
  170  11:18  Marine  
  170  11:19  Marine x5  
  170  11:21  Marine  
  170  11:23  Marine  
  177  11:27  Marine  
  177  11:28  Marine x3  
  181  11:41  Marine x3  
  181  11:42  Marine x4  
  181  11:43  Marine x2  
  181  11:45  Marine x2, Siege Tank  
  174  11:50  Marine x2  
  174  11:51  SCV  
  174  11:52  SCV x2  
  173  11:59  Marine  
  173  12:00  Marine  
  175  12:02  Marine x7  
  175  12:03  Marine  
  175  12:07  Marine, SCV  
  179  12:09  Siege Tank  
  179  12:10  Marine x2  
  175  12:16  Marine  
  175  12:18  Marine  
  177  12:29  Marine x4, Bunker  
Tags
 
Add a new tag
Caveats
  • Supply blocks, unpowered buildings, or Contaminate may cause inaccurate times.
  • Supply counts are checked every 10 seconds.